[Event "*** Titled Tuesday Blitz"]
[Site "Chess.com"]
[Date "2021.03.09"]
[Round "3"]
[White "Vasily85"]
[Black "Magila31"]
[Result "1-0"]
[WhiteElo "2418"]
[BlackElo "2221"]
[TimeControl "180+1"]
[EndTime "10:29:04 PST"]
[Termination "Vasily85 won on time"]

1. d4 Nf6 2. Bg5 Ne4 3. Bf4 d5 4. e3 c6 5. Bd3 Qb6 6. Bxe4 dxe4 7. Nc3 Qxb2 8. Nxe4 Bf5 9. Rb1 Qxa2 10. Nc3 Qa5 11. Ne2 Nd7 12. O-O e5 13. dxe5 Bb4 14. Qd4 Bxc3 15. Nxc3 O-O 16. Rxb7 Nb6 17. Ne4 Bxe4 18.
Qxe4 Rac8 19. e6 f5 20. Qd4 Rf6 21. e7 Nd5 22. Qe5 Re8 23. c4 Qa6 24. Rb8 Kf7 25. cxd5 cxd5 26. Rxe8 Kxe8 27. Qxd5 Kxe7 28. Bg5 h6 29. Bxf6+ Kxf6 30. Qd4+ Kg6 31. g3 f4 32.
Qe4+ Kf7 33. Qxf4+ 1-0

[Event "*** Titled Tuesday Blitz"]
[Site "Chess.com"]
[Date "2021.03.09"]
[Round "3"]
[White "aa175"]
[Black "Saxar85"]
[Result "1/2-1/2"]
[WhiteElo "2561"]
[BlackElo "2795"]
[TimeControl "180+1"]
[EndTime "10:29:05 PST"]
[Termination "Game drawn by repetition"]

1. d4 Nf6 2. Bf4 d5 3. e3 c5 4. Nf3 Nc6 5. Nbd2 Bg4 6. c3 e6 7. Qb3 Qc8 8. h3 Bxf3 9. Nxf3 Be7 10. Qd1 O-O 11. Bd3 Qd7 12. O-O Rfd8 13. Ne5 Nxe5 14. dxe5 Ne4 15. f3 c4 16. fxe4 cxd3 17. Qxd3 dxe4 18.
Qxe4 Qb5 19. Rf2 Rd7 20. Raf1 Rad8 21. Bg3 Bg5 22. h4 Bh6 23. Bf4 Bxf4 24. exf4 g6 25. g4 Rd3 26. Kh2 Rd2 27. Qb1 Re2 28. Qc1 Rdd2 29.
Kg2 Rxb2 30. c4 Qc6+ 31. Kg3 Qe4 32. Qd1 Rxf2 33. Qd8+ Kg7 34. Qf6+ Kg8 35. Qd8+ Kg7 36. Qf6+ Kg8 37. Qd8+ 1/2-1/2

[Event "*** Titled Tuesday Blitz"]
[Site "Chess.com"]
[Date "2021.03.09"]
[Round "3"]
[White "Grimlock_Glasgow"]
[Black "Nemsko"]
[Result "1-0"]
[WhiteElo "2512"]
[BlackElo "2276"]
[TimeControl "180+1"]
[EndTime "10:29:05 PST"]
[Termination "Grimlock_Glasgow won by checkmate"]

1. e4 c5 2. Nc3 d6 3. d4 cxd4 4. Qxd4 Nc6 5. Qd2 Nf6 6. b3 e6 7. Bb2 Be7 8. O-O-O O-O 9. f4 a6 10. g4 Qc7 11. g5 Nd7 12. h4 b5 13. Bg2 Bb7 14.
Nge2 Qb6 15. h5 a5 16. g6 fxg6 17. hxg6 h6 18. Nd5 Qd8 19. Rxh6 gxh6 20. Rh1 Nf6 21. f5 Nxd5 22. Rxh6 Nf6 23. Rh8+ Kxh8 24. Qh6+ Kg8 25.
Nf4 Ne5 26. Nxe6 Rf7 27. gxf7+ Kxf7 28. Bf3 Qg8 29. Bh5+ Nxh5 30. Qxh5+ Kf6 31. Bd4 Qg5+ 32. Qxg5+ Kf7 33. Qh5+ Kg8 34. Bxe5 dxe5 35. Qg6+ Kh8 36. Qg7# 1-0

[Event "*** Titled Tuesday Blitz"]
[Site "Chess.com"]
[Date "2021.03.09"]
[Round "3"]
[White "VitaliyBernadskiy"]
[Black "BigAl"]
[Result "1/2-1/2"]
[WhiteElo "2735"]
[BlackElo "2512"]
[TimeControl "180+1"]
[EndTime "10:29:07 PST"]
[Termination "Game drawn by repetition"]

1. d4 Nf6 2. c4 g6 3. Nc3 Bg7 4. e4 O-O 5. Nf3 d6 6. Bd3 Bg4 7. Be2 Nbd7 8. Ng1 Bxe2 9. Ngxe2 e5 10. d5 a5 11. f3 Nh5 12. g4 Qh4+ 13. Kd2 Nf4 14.
Kc2 Nh3 15. Qe1 Qxe1 16. Rxe1 f5 17. gxf5 gxf5 18. Ng3 fxe4 19. fxe4 Rf2+ 20. Re2 Raf8 21. Nf5 Rxe2+ 22. Nxe2 Nc5 23. Neg3 Nxe4 24. Nxe4 Rxf5 25. Be3 Rf3 26. Kd2 Nf4 27. Rg1 Rh3 28. Bxf4 exf4 29. Ng5 Rxh2+ 30. Kd3 Rh6 31. Ne6 Rg6 32. Rh1 Bxb2 33. Nxf4 Rg3+ 34. Ke4 Be5 35. Ne6 Rg4+ 36. Kf5 Rxc4 37. Rg1+ Kf7 38. Rh1 Kg8 39. Rg1+ Kf7 40.
Rh1 Kg8 1/2-1/2

[Event "*** Titled Tuesday Blitz"]
[Site "Chess.com"]
[Date "2021.03.09"]
[Round "3"]
[White "sbouchet"]
[Black "MuhittinBuker"]
[Result "0-1"]
[WhiteElo "2325"]
[BlackElo "2155"]
[TimeControl "180+1"]
[EndTime "10:29:07 PST"]
[Termination "MuhittinBuker won by resignation"]

1. e4 e5 2. Nc3 Nc6 3. g3 Nf6 4. Bg2 a6 5. Nge2 Bc5 6. O-O d6 7.
h3 Ba7 8. d3 Be6 9. Kh2 Qd7 10.
f4 Qe7 11. fxe5 dxe5 12. Bg5 h6 13. Bxf6 gxf6 14. Nd5 Bxd5 15. exd5 Nb8 16. c4 Nd7 17.
Nc3 O-O-O 18. a3 Rdg8 19. Qh5 Rg5 20. Qh4 Rhg8 21. Ne4 R5g6 22. b4 Bd4 23. Ra2 Kb8 24.
c5 Qd8 25. g4 Be3 26. Rf5 Bg5 27. Qe1 h5 28. gxh5 Bf4+ 29. Kh1 R6g7 30. Qh4 Nxc5 31. Nxc5 Qe8 32. Ne4 Qa4 33. Qe1 Qb3 34. Re2 Qxd3 35. Rxf4 exf4 36. Nxf6 Rxg2 37. Rxg2 Qxh3+ 38. Rh2 Qf3+ 0-1

[Event "*** Titled Tuesday Blitz"]
[Site "Chess.com"]
[Date "2021.03.09"]
[Round "3"]
[White "ENajer77"]
[Black "Aslanov_Umid"]
[Result "1-0"]
[WhiteElo "2619"]
[BlackElo "2419"]
[TimeControl "180+1"]
[EndTime "10:29:10 PST"]
[Termination "ENajer77 won by resignation"]

1. d4 d5 2. c4 e6 3. Nc3 c6 4. e3 Nf6 5. Bd2 Nbd7 6. Rc1 b6 7. cxd5 exd5 8. Bd3 Bd6 9. Nf3 O-O 10. O-O Re8 11.
Qc2 Nf8 12. e4 dxe4 13. Nxe4 Nxe4 14. Bxe4 Bb7 15. Bxc6 Rc8 16. d5 Bxc6 17. dxc6 a5 18. Be3 Re6 19. Rfd1 Rg6 20. Qe4 Qf6 21. b3 Bc7 22.
Nh4 Rh6 23. Bxh6 Qxh6 24. Nf3 Ne6 25. g3 Re8 26. Re1 Kf8 27. Nd4 Bd6 28. Nxe6+ Rxe6 29. Qd5 Bc7 30. Rcd1 Rd6 31. Qe4 Qe6 32. Qxe6 fxe6 33. Rxd6 Bxd6 34. Rxe6 Bc7 35. f4 Kf7 36. f5 g6 37. g4 h5 38. Rxg6 1-0

[Event "*** Titled Tuesday Blitz"]
[Site "Chess.com"]
[Date "2021.03.09"]
[Round "3"]
[White "MustafayevFarid2004"]
[Black "Volodar_Murzin"]
[Result "1-0"]
[WhiteElo "2447"]
[BlackElo "2651"]
[TimeControl "180+1"]
[EndTime "10:29:11 PST"]
[Termination "MustafayevFarid2004 won on time"]

1. d4 Nf6 2. c4 g6 3. Nc3 Bg7 4. e4 O-O 5. f4 d6 6. Nf3 c5 7.
d5 e6 8. Be2 exd5 9. cxd5 Nbd7 10.
O-O Re8 11. Nd2 c4 12. Bf3 Nc5 13. e5 dxe5 14. fxe5 Rxe5 15. Nxc4 Re8 16. Be3 Nfd7 17. Re1 Nb6 18. Bxc5 Rxe1+ 19. Qxe1 Nxc4 20. Qe2 Ne5 21. Rd1 Bf5 22. Bd4 Qd6 23. Nb5 Nxf3+ 24. Qxf3 Bxd4+ 25. Nxd4 Bd7 26. Nb3 Re8 27. h3 a5 28.
Qf2 b6 29. Qf3 Bb5 30. Nd4 Bc4 31. b3 Bxd5 32. Qf2 Qc5 33. Nc2 Re2 34. Qxc5 1-0

[Event "*** Titled Tuesday Blitz"]
[Site "Chess.com"]
[Date "2021.03.09"]
[Round "3"]
[White "Chesspirate_Channel"]
[Black "Ajedrez_con_German"]
[Result "1-0"]
[WhiteElo "2388"]
[BlackElo "2537"]
[TimeControl "180+1"]
[EndTime "10:29:11 PST"]
[Termination "Chesspirate_Channel won on time"]

1. d4 e6 2. Nc3 d5 3. e4 dxe4 4. f3 e3 5. Bxe3 Nf6 6. Bd3 Be7 7. Nge2 O-O 8. Nf4 b6 9. Qd2 Bb7 10. O-O-O Nc6 11. a3 Na5 12. Rhf1 a6 13. g4 b5 14. g5 Nd7 15. Ne4 Nc4 16. Bxc4 bxc4 17. h4 Nb6 18. Rg1 Nd5 19. Nh5 Kh8 20. c3 Rb8 21.
Nxg7 Kxg7 22. h5 Nxe3 23. Qxe3 Bxe4 24. fxe4 Qd7 25. e5 Qb5 26. Rd2 Bxa3 27. g6 Bxb2+ 28. Kd1 Qb3+ 29. Rc2 fxg6 30. hxg6 h6 31. Rh1 Rh8 32.
Qf3 Rbf8 33. Qc6 Rf5 34. Qd7+ Kxg6 35. Qxe6+ Kg7 36. Qxf5 1-0

[Event "*** Titled Tuesday Blitz"]
[Site "Chess.com"]
[Date "2021.03.09"]
[Round "3"]
[White "halldorgretar"]
[Black "AradNazari"]
[Result "0-1"]
[WhiteElo "2240"]
[BlackElo "2504"]
[TimeControl "180+1"]
[EndTime "10:29:11 PST"]
[Termination "AradNazari won on time"]

1. d4 Nf6 2. c4 g6 3. f3 Nc6 4. d5 Ne5 5. e4 d6 6. f4 Ned7 7. Nh3 Bg7 8. Nf2 c6 9. Bd3 O-O 10. O-O Nc5 11. Bc2 e6 12. Nc3 cxd5 13.
cxd5 exd5 14. Nxd5 Nxd5 15. Qxd5 Be6 16. Qd1 Rc8 17.
f5 Bc4 18. Re1 Re8 19. Bf4 Bxb2 20. Rb1 Be5 21. Bh6 Bxh2+ 22. Kh1 Qh4 23. Ng4 Bg3+ 24. Kg1 Bxe1 25. Qd4 Bf2+ 26. Qxf2 Qxg4 27. Qd4 Re5 28. Qxd6 Qh4 29. Qxe5 Qxh6 30. f6 Ne6 31. Rxb7 Qe3+ 32. Kh1 Qc1+ 33. Kh2 Qxc2 34. Rb8 Bf1 0-1

[Event "*** Titled Tuesday Blitz"]
[Site "Chess.com"]
[Date "2021.03.09"]
[Round "3"]
[White "Fandorin779"]
[Black "Fraler15"]
[Result "1-0"]
[WhiteElo "2513"]
[BlackElo "2275"]
[TimeControl "180+1"]
[EndTime "10:29:13 PST"]
[Termination "Fandorin779 won by resignation"]

1. c4 e5 2. Nc3 Nf6 3. Nf3 Nc6 4.
e4 Bb4 5. d3 d6 6. a3 Bxc3+ 7.
bxc3 O-O 8. g3 Be6 9. Bg2 a5 10. O-O Qd7 11. Ng5 Bg4 12. f3 Bh5 13. g4 Bg6 14. h4 h6 15. h5 Bh7 16. Nxh7 Nxh7 17. Be3 Qe7 18. Qd2 Nd8 19. Rf2 Ne6 20. d4 b6 21. d5 Nc5 22. Raf1 Ng5 23. Bxc5 bxc5 24. f4 exf4 25. Rxf4 Rab8 26. Rf5 Rb3 27. Re1 Rfb8 28. e5 Rxa3 29. exd6 Qxd6 30. Rfe5 Qf6 31. Qc2 g6 32. hxg6 Qxg6 33. Qxg6+ fxg6 34. Re7 Rxc3 35. Rxc7 a4 36. d6 Rd3 37. d7 Rd8 38. Re8+ Kf7 39. Rxd8 Ke7 40. Re8+ Kf7 41. d8=Q+ 1-0

[Event "*** Titled Tuesday Blitz"]
[Site "Chess.com"]
[Date "2021.03.09"]
[Round "3"]
[White "AlphaZ3r0"]
[Black "suyu28"]
[Result "0-1"]
[WhiteElo "2266"]
[BlackElo "2634"]
[TimeControl "180+1"]
[EndTime "10:29:13 PST"]
[Termination "suyu28 won on time"]

1. Nf3 f5 2. c4 Nf6 3. g3 g6 4.
Bg2 Bg7 5. O-O O-O 6. d4 d6 7.
Nc3 c6 8. b3 Qc7 9. Ba3 Qa5 10.
Qc1 Re8 11. b4 Qa6 12. b5 Qa5 13. Rb1 Be6 14. Bb4 Qc7 15. bxc6 bxc6 16. d5 Bd7 17. Rd1 c5 18. Ba3 Na6 19. Ng5 Qa5 20. Ne6 Reb8 21. Rxb8+ Rxb8 22. e4 fxe4 23. Nxg7 Kxg7 24. Nxe4 Bf5 25.
Re1 Bxe4 26. Bxe4 Nb4 27. Bb1 Rb7 28. h4 Qd8 29. Bb2 Kg8 30. Qg5 Qf8 31. h5 Nxh5 32. Bxg6 hxg6 33. Qxg6+ Ng7 34. Re4 Nd3 35. Re2 Nxb2 36. f4 Qf5 0-1

[Event "*** Titled Tuesday Blitz"]
[Site "Chess.com"]
[Date "2021.03.09"]
[Round "3"]
[White "profofchess"]
[Black "chessdjw"]
[Result "0-1"]
[WhiteElo "2501"]
[BlackElo "2741"]
[TimeControl "180+1"]
[EndTime "10:29:15 PST"]
[Termination "chessdjw won on time"]

1. e4 e5 2. Nf3 Nc6 3. Nc3 Nf6 4. Bb5 Bc5 5. Nxe5 Nxe5 6. d4 Bd6 7. f4 Neg4 8. e5 Bb4 9. O-O O-O 10. exf6 Nxf6 11.
f5 c6 12. Bd3 h6 13. Ne4 Nxe4 14. Bxe4 d5 15. Bd3 Be7 16. Bf4 Bf6 17. c3 Re8 18.
Qd2 Bd7 19. Rae1 Rxe1 20. Rxe1 Qf8 21. Re3 Re8 22. Rg3 Kh8 23. Kf1 a5 24. Rh3 b6 25. g4 Kg8 26. g5 hxg5 27. Bxg5 Bxg5 28. Qxg5 Qe7 29. Rg3 Qxg5 30. Rxg5 Re3 31. Rg3 Rxg3 32. hxg3 Kh7 33. Kf2 Kh6 34. Kf3 Kg5 35. g4 g6 36.
Kg3 gxf5 37. gxf5 Bxf5 38. Ba6 Bd7 39. a3 f5 0-1

[Event "*** Titled Tuesday Blitz"]
[Site "Chess.com"]
[Date "2021.03.09"]
[Round "3"]
[White "Olga_Girya"]
[Black "bakki78"]
[Result "0-1"]
[WhiteElo "2457"]
[BlackElo "2776"]
[TimeControl "180+1"]
[EndTime "10:29:15 PST"]
[Termination "bakki78 won on time"]

1. d4 d6 2. e4 Nf6 3. Nc3 e5 4. dxe5 dxe5 5. Qxd8+ Kxd8 6. Bc4 Ke8 7. Nf3 Bd6 8. Be3 a6 9. O-O-O Nbd7 10. h3 b5 11. Bb3 Bb7 12. Nd5 Nxe4 13. Rhe1 f6 14. c3 Nec5 15. Bc2 Kf8 16. b4 Na4 17. Nxc7 Bxc7 18. Rxd7 Rc8 19. Bxa4 bxa4 20. Bc5+ Kg8 21. Red1 h6 22. Re7 Bc6 23. Nh4 Kh7 24. Nf5 Rhg8 25. g4 Bb8 26. Kb2 Bb5 27. Rd2 a5 28. Be3 axb4 29.
cxb4 Rc7 30. Rxc7 Bxc7 31. Rd5 Bf1 32. Rd7 Bb8 33. Bxh6 Bxh3 34. Rxg7+ Rxg7 35. Bxg7 Bxg4 36. Bxf6 Bxf5 37. b5 Kg6 38. Bd8 Kf7 39. Ka3 Bc2 40. b6 Ke8 41. Bf6 Kd7 42. Kb2 Bd1 43. Kc3 Kc6 44. Bd8 Bd6 45. Kd2 Bf3 46. Ke3 Bd5 47. Kd3 Bxa2 48. Ke4 Bd5+ 0-1

[Event "*** Titled Tuesday Blitz"]
[Site "Chess.com"]
[Date "2021.03.09"]
[Round "3"]
[White "vovachesss"]
[Black "poneis_malditos"]
[Result "1-0"]
[WhiteElo "2700"]
[BlackElo "2321"]
[TimeControl "180+1"]
[EndTime "10:29:15 PST"]
[Termination "vovachesss won by resignation"]

1. e4 c5 2. c3 d5 3. exd5 Qxd5 4. d4 e6 5. Nf3 Nf6 6. Bd3 Nc6 7. O-O Be7 8. h3 O-O 9. Re1 b6 10. c4 Qd6 11. dxc5 bxc5 12. Nc3 Ba6 13. Qe2 Nd4 14.
Nxd4 cxd4 15. Ne4 Qc7 16. Bg5 Nxe4 17. Qxe4 g6 18. Bxe7 Qxe7 19. Qxd4 Rfd8 20. Qc3 Rac8 21. b3 Bb7 22. Be4 Bxe4 23. Rxe4 Qd7 24. Rae1 Qd2 25. Qxd2 Rxd2 26. R4e2 Rcd8 27. f3 Kf8 28. Kf2 Ke7 29.
Rxd2 Rxd2+ 30. Re2 Rd1 31. Rc2 Kd6 32. c5+ Kc6 33. b4 a6 34. a3 Ra1 35. Rc3 Ra2+ 36. Kg3 g5 37. Rd3 h5 38. Rd6+ Kb7 39. Rd7+ Kc6 40.
Rxf7 Rxa3 41. Rf6 Re3 42. Rg6 Kb5 43. Rxg5 Kxb4 44. Rxh5 a5 45. c6 Rc3 46. Rh8 Rxc6 47.
h4 Ra6 48. Rb8+ Kc3 49. h5 a4 50. h6 Ra7 51. Kf4 Kc2 52. Rc8+ Kb2 53. Rh8 a3 54. h7 a2 55. Rb8+ Kc2 56. h8=Q a1=Q 57. Qxa1 Rxa1 58.
Rd8 Ra5 59. g4 Kc3 60. g5 Rf5+ 61. Kg4 Rf7 62. g6 Rf6 63. Kg5 Rxf3 64. g7 e5 65. g8=Q Rg3+ 66. Kf5 Rxg8 67. Rxg8 1-0

[Event "*** Titled Tuesday Blitz"]
[Site "Chess.com"]
[Date "2021.03.09"]
[Round "3"]
[White "guillembaches"]
[Black "kamilianin235"]
[Result "1-0"]
[WhiteElo "2461"]
[BlackElo "2268"]
[TimeControl "180+1"]
[EndTime "10:29:15 PST"]
[Termination "guillembaches won by resignation"]

1. e4 c5 2. Nf3 d6 3. d4 cxd4 4. Nxd4 Nf6 5. Nc3 Nc6 6. Bg5 Qb6 7. Bxf6 gxf6 8. Nb3 e6 9. Qd2 a6 10. O-O-O Bd7 11. f4 O-O-O 12. Be2 Be7 13. Bh5 Be8 14. Rhf1 Qc7 15. Kb1 Kb8 16. Rf3 Na5 17. Nxa5 Qxa5 18. f5 Rc8 19. Rd3 Rg8 20. g4 b5 21. Ne2 Qb6 22. Nf4 e5 23. Nd5 Qb7 24. Nxe7 Qxe7 25. Rxd6 Bc6 26. Qe3 Ka8 27. h3 Rgd8 28. Qc5 Bb7 29.
Qb6 Rxd6 30. Rxd6 Bxe4 31. Qxa6+ Kb8 32. Qxb5+ Bb7 33. Rd7 Rc7 34. Rxe7 Rxe7 35. g5 Rc7 36. gxf6 e4 37. Be2 e3 38. Qe8+ Ka7 39. Qxe3+ Kb8 40. b3 1-0

[Event "*** Titled Tuesday Blitz"]
[Site "Chess.com"]
[Date "2021.03.09"]
[Round "3"]
[White "Omk124"]
[Black "Blitzstream"]
[Result "0-1"]
[WhiteElo "2451"]
[BlackElo "2746"]
[TimeControl "180+1"]
[EndTime "10:29:16 PST"]
[Termination "Blitzstream won by resignation"]

1. e4 d5 2. exd5 Qxd5 3. Nc3 Qa5 4. d4 Nf6 5. Nf3 Nc6 6. Bc4 Bg4 7. Be3 O-O-O 8. Bxf7 e5 9. d5 e4 10. h3 Ne5 11.
Nxe5 Bxd1 12. Be6+ Kb8 13. Rxd1 Bb4 14. O-O Bxc3 15.
bxc3 Nxd5 16. Rb1 Qxc3 17. Bd4 Qxc2 18. Rfc1 Qa4 19. Nc6+ Ka8 20. Nxd8 Rxd8 21. Bxd5 c6 22. Bb3 Qxd4 23. Rd1 Qf6 24. Rxd8+ Qxd8 25. Re1 Qh4 26. Re3 a6 27. Bc2 Qf6 28. Bxe4 Qa1+ 29. Kh2 Qxa2 30. Bxh7 Qxf2 31. Rf3 Qd4 32. Bf5 a5 33. Bc2 b5 34.
Rf8+ Ka7 35. Rf7+ Kb6 36. Bf5 a4 37. Bc8 a3 38. Rb7+ Kc5 39. Be6 Qd6+ 0-1

[Event "*** Titled Tuesday Blitz"]
[Site "Chess.com"]
[Date "2021.03.09"]
[Round "3"]
[White "Chessmasterzt"]
[Black "exoticprincess"]
[Result "0-1"]
[WhiteElo "2622"]
[BlackElo "2884"]
[TimeControl "180+1"]
[EndTime "10:29:17 PST"]
[Termination "exoticprincess won on time"]

1. d4 c6 2. c4 d5 3. Nf3 Nf6 4. Qc2 Na6 5. g3 dxc4 6. Qxc4 Be6 7. Qa4 Bf5 8. Bg2 e6 9. O-O Be7 10. Nc3 O-O 11. Bg5 Nc7 12. Qb3 Rb8 13. Rac1 h6 14. Bxf6 Bxf6 15. e4 Bh7 16. Rfd1 Re8 17. Ne5 Qe7 18. Nc4 Qf8 19. e5 Bg5 20. f4 Be7 21. Ne4 Red8 22. Ned6 Rd7 23. h4 Bg6 24. Kh2 Bh5 25.
Rd2 Nd5 26. Qa3 b5 27. Na5 Rxd6 28. exd6 Bxd6 29. Qb3 Nxf4 30. Nxc6 Rb6 31. Ne5 Nxg2 32. Kxg2 Qd8 33. Qe3 f6 34. Nf3 Kh7 35. Qe4+ Bg6 36. Qe3 Qa8 37. a3 b4 38. Kf2 bxa3 39. bxa3 Qb8 40.
Rg1 Rb3 41. Qe2 Rxa3 42. Rb2 Qc8 0-1

[Event "*** Titled Tuesday Blitz"]
[Site "Chess.com"]
[Date "2021.03.09"]
[Round "3"]
[White "drragnar1"]
[Black "Iskusnyh"]
[Result "1-0"]
[WhiteElo "2433"]
[BlackElo "2601"]
[TimeControl "180+1"]
[EndTime "10:29:17 PST"]
[Termination "drragnar1 won on time"]

1. Nf3 d5 2. g3 c6 3. Bg2 Nf6 4. O-O Bf5 5. c4 e6 6. d3 h6 7. a3 Be7 8. b4 O-O 9. Bb2 Nbd7 10. Nbd2 Bh7 11. Qb3 Bd6 12. Rfe1 Re8 13. e4 dxe4 14. dxe4 e5 15. Nh4 Qc7 16. c5 Bf8 17. Rad1 Rad8 18.
Nc4 b6 19. Nd6 Bxd6 20. cxd6 Qb8 21. Nf5 Bxf5 22. exf5 Rc8 23. Bf1 Nd5 24. Bc4 Qxd6 25.
b5 Nc5 26. Qf3 Qf6 27. bxc6 Nc7 28. Rd7 Re7 29. Rxe7 Qxe7 30. Rxe5 Qd6 31. f6 g6 32. Re7 N7e6 33. c7 Rxc7 34. Re8+ Kh7 35. Qe3 Qd4 36.
Bxd4 1-0

[Event "*** Titled Tuesday Blitz"]
[Site "Chess.com"]
[Date "2021.03.09"]
[Round "3"]
[White "Ziyamammadov"]
[Black "VladimirBugayev"]
[Result "0-1"]
[WhiteElo "1772"]
[BlackElo "2281"]
[TimeControl "180+1"]
[EndTime "10:29:17 PST"]
[Termination "VladimirBugayev won on time"]

1. e4 c6 2. d4 d5 3. exd5 cxd5 4.
c4 Nf6 5. cxd5 Nxd5 6. Nc3 e6 7. Nxd5 Qxd5 8. Nf3 Bb4+ 9. Bd2 Bxd2+ 10. Qxd2 O-O 11.
Rc1 Nc6 12. Bc4 Qe4+ 13. Be2 Rd8 14. O-O Nxd4 15. Nxd4 Qxd4 16. Qg5 Bd7 17. Rfd1 Qf6 18. Qg3 Bc6 19. Rxd8+ Rxd8 20. Rd1 Rxd1+ 21. Bxd1 Qd8 22. Bc2 g6 23. h3 Qd5 24. Bb3 Qe4 25. f3 Qb1+ 26.
Kh2 Qxb2 27. Qb8+ Kg7 28. Qxa7 Bxf3 29. Qg1 Bc6 30. Kh1 Qc3 31. Kh2 Qe5+ 32. Kh1 Qg3 33. Qd4+ e5 34. Qd2 Qxh3+ 35. Kg1 Qf5 36. Qe2 Qf4 37.
Qc2 Qe4 0-1

[Event "*** Titled Tuesday Blitz"]
[Site "Chess.com"]
[Date "2021.03.09"]
[Round "3"]
[White "tdf98pantani"]
[Black "jefferyx"]
[Result "0-1"]
[WhiteElo "2669"]
[BlackElo "3018"]
[TimeControl "180+1"]
[EndTime "10:29:18 PST"]
[Termination "jefferyx won on time"]

1. e4 c5 2. Nf3 d6 3. d4 cxd4 4. Nxd4 Nf6 5. Nc3 a6 6. Be3 Nbd7 7. f3 h5 8. Bd3 e6 9. Qd2 Qc7 10. O-O-O b5 11. Kb1 Bb7 12. h3 h4 13. Bg5 Be7 14.
Rhe1 Rc8 15. f4 Qb6 16. Nf3 Nc5 17. e5 dxe5 18. fxe5 Ng8 19. Ne4 Bd5 20. Be3 Qc7 21. Bxc5 Bxc5 22. Qg5 g6 23. Nd6+ Bxd6 24. exd6 Qxd6 25.
Bxb5+ axb5 26. Rxd5 Qc6 27. Rd2 Rh5 28. Qf4 Qc7 29. Qd4 Ne7 30. Ne5 Nf5 31. Qb4 Rd8 32. Qxb5+ Kf8 33. Rxd8+ Qxd8 34. Qc5+ Kg7 35. Qc3 Qf6 36. Qf3 Rg5 37. a4 Qd8 38. Qc3 Rg3 39.
Nd3+ Kg8 40. Qc6 Nd4 0-1

[Event "*** Titled Tuesday Blitz"]
[Site "Chess.com"]
[Date "2021.03.09"]
[Round "3"]
[White "francyIM"]
[Black "ParvizGasimov"]
[Result "1-0"]
[WhiteElo "2599"]
[BlackElo "2404"]
[TimeControl "180+1"]
[EndTime "10:29:18 PST"]
[Termination "francyIM won on time"]

1. d4 Nf6 2. c4 g6 3. g3 c6 4. Bg2 d5 5. cxd5 cxd5 6. Nc3 Bg7 7. Nh3 Nc6 8. Nf4 O-O 9. O-O Bf5 10. Be3 e6 11. f3 g5 12. Nd3 h6 13. Qd2 Nd7 14.
Nf2 e5 15. dxe5 d4 16. Bxd4 Ndxe5 17. Be3 Nc4 18. Qxd8 Rfxd8 19. Bc1 Bc2 20. f4 Bd4 21. fxg5 Ne3 22. Bxe3 Bxe3 23. gxh6 Ne5 24. Be4 Rd2 25. Bxc2 Rxc2 26. Nd1 Bb6 27. e3 Rd8 28. Ne4 Ng4 29. Ng5 Nxe3 30. h7+ Kg7 31. Rxf7+ Kh8 32. Nxe3 Bxe3+ 33. Kh1 Bxg5 34. Raf1 Rdd2 35. R1f5 1-0

[Event "*** Titled Tuesday Blitz"]
[Site "Chess.com"]
[Date "2021.03.09"]
[Round "3"]
[White "TimofeevAr"]
[Black "Sanyura"]
[Result "1-0"]
[WhiteElo "2876"]
[BlackElo "2607"]
[TimeControl "180+1"]
[EndTime "10:29:19 PST"]
[Termination "TimofeevAr won on time"]

1. c4 Nf6 2. Nc3 g6 3. g3 d6 4. Bg2 Bg7 5. Nf3 O-O 6. O-O Nbd7 7. d3 e5 8. Rb1 a5 9. b3 h6 10. Bb2 Nc5 11. h3 Bd7 12. Nd2 Qc8 13. Kh2 a4 14. b4 Ne6 15. Nf3 Nh7 16. Nd5 Kh8 17. a3 Qd8 18. c5 Bc6 19. e4 Nd4 20. Bxd4 exd4 21. cxd6 Qxd6 22. Nd2 Bxd5 23. exd5 Nf6 24. Nc4 Qd8 25. Qf3 Qd7 26. b5 Rad8 27. b6 cxb6 28. Rxb6 Rfe8 29. Rxf6 Bxf6 30. Qxf6+ Kg8 31. d6 Re6 32. Qxd4 b5 33. Ne3 Qxd6 34. Qh4 h5 35. Nd5 Re5 36. Nb4 Kg7 37. d4 Qxd4 38. Qxd4 Rxd4 39.
Nc6 Red5 40. Nxd4 Rxd4 41. Rb1 Rd3 42. Rxb5 Rxa3 43. Ra5 Ra2 44. f4 h4 45. gxh4 Kh6 46.
Kg3 Ra3+ 47. Bf3 Ra1 48. Bd5 f5 49. Ra6 a3 50. Bf3 Rg1+ 51. Kf2 Ra1 52. h5 a2 53.
hxg6 Kg7 54. h4 Kh6 55. h5 1-0

[Event "*** Titled Tuesday Blitz"]
[Site "Chess.com"]
[Date "2021.03.09"]
[Round "3"]
[White "kakakz"]
[Black "Trankuilizer"]
[Result "0-1"]
[WhiteElo "2403"]
[BlackElo "2585"]
[TimeControl "180+1"]
[EndTime "10:29:20 PST"]
[Termination "Trankuilizer won on time"]

1. g3 Nf6 2. Bg2 d5 3. c4 e6 4. b3 Be7 5. Bb2 O-O 6. Nf3 c5 7. O-O d4 8. e3 Nc6 9. exd4 cxd4 10. a3 a5 11. d3 e5 12. Nbd2 h6 13. Re1 Bd6 14. Qc2 Re8 15. c5 Bf8 16. Nc4 e4 17.
dxe4 d3 18. Qd1 Bxc5 19. Nfe5 Nxe5 20. Nxe5 Qb6 21. Nxd3 Rd8 22. Rf1 Ng4 23. Qc2 Rxd3 24. Qxd3 Nxf2 25. Rxf2 Bxf2+ 26. Kh1 Be6 27. Qc3 f6 28. e5 f5 29. Rf1 Rd8 30. Qf3 Bd4 31. Bxd4 Qxd4 32. Qxb7 Qxe5 33. b4 Rb8 34. Qe7 axb4 35.
axb4 Kh7 36. Rg1 Rc8 37. b5 Rc2 38. Bc6 Bd5+ 0-1

[Event "*** Titled Tuesday Blitz"]
[Site "Chess.com"]
[Date "2021.03.09"]
[Round "3"]
[White "Sashadav97"]
[Black "MrrRefrao"]
[Result "1-0"]
[WhiteElo "2593"]
[BlackElo "2399"]
[TimeControl "180+1"]
[EndTime "10:29:20 PST"]
[Termination "Sashadav97 won on time"]

1. d4 Nf6 2. c4 e6 3. Nc3 Bb4 4. a3 Bxc3+ 5. bxc3 d6 6. f3 c5 7. e4 Nc6 8. Be3 b6 9. Bd3 Na5 10. Ne2 Ba6 11. f4 Rc8 12. e5 Ng4 13. Bg1 cxd4 14. cxd4 Bxc4 15. h3 Nh6 16. Bf2 dxe5 17. fxe5 Bxd3 18.
Qxd3 Nf5 19. O-O O-O 20. g4 Ne7 21. Bh4 Qd7 22. Bxe7 Qxe7 23. Nf4 Rfd8 24. Rad1 Nc4 25. Qg3 Qxa3 26. Rd3 Qb2 27. Qf3 Rd7 28. Rf2 Qc1+ 29. Kh2 b5 30. Ne2 Qg5 31. Nc3 a6 32. Ne4 Qe7 33. g5 Rd5 34. Rg2 Kh8 35. Nf6 gxf6 36. gxf6 Qf8 37. Rg7 Nxe5 38. dxe5 Rc2+ 39. Kg3 Rxe5 40.
Qg4 1-0

[Event "*** Titled Tuesday Blitz"]
[Site "Chess.com"]
[Date "2021.03.09"]
[Round "3"]
[White "Majesth"]
[Black "Ghost_Pepper"]
[Result "0-1"]
[WhiteElo "2552"]
[BlackElo "2394"]
[TimeControl "180+1"]
[EndTime "10:29:20 PST"]
[Termination "Ghost_Pepper won by resignation"]

1. d4 Nf6 2. Nc3 d5 3. Bg5 g6 4. Qd2 c5 5. dxc5 d4 6. O-O-O Nc6 7. Bxf6 exf6 8. Ne4 Bf5 9. Nd6+ Bxd6 10. cxd6 Qxd6 11.
e3 Rc8 12. c3 O-O 13. exd4 Nb4 14. Re1 Qb6 15. Re3 Nxa2+ 16. Kd1 Rfd8 17. Bd3 Qb3+ 18. Ke1 Bxd3 19. Rxd3 Re8+ 20. Re3 b5 21. Ne2 b4 22. Rf1 bxc3 23. bxc3 Qb1+ 24. Qd1 Qb2 25. Rxe8+ Rxe8 26.
Qd2 Qb1+ 27. Qd1 Rxe2+ 28. Kxe2 Nxc3+ 29. Kd2 Nxd1 30. Rxd1 Qa2+ 31. Ke3 Kf8 32. Rd3 Ke8 33. Rc3 Qb1 34. Rc5 Kd7 35. Ra5 Qb6 36. Rc5 Kd6 0-1

[Event "*** Titled Tuesday Blitz"]
[Site "Chess.com"]
[Date "2021.03.09"]
[Round "3"]
[White "LuisFSiles"]
[Black "PotapovaM"]
[Result "0-1"]
[WhiteElo "2309"]
[BlackElo "2522"]
[TimeControl "180+1"]
[EndTime "10:29:20 PST"]
[Termination "PotapovaM won by resignation"]

1. d4 Nf6 2. c4 e6 3. Nc3 Bb4 4. e3 O-O 5. Ne2 d5 6. a3 Bd6 7. c5 Be7 8. b4 b6 9. Bd2 a5 10. f4 bxc5 11. bxc5 Nc6 12. Nc1 Ne8 13. Bb5 Na7 14. Bd3 f6 15. Qh5 g6 16. Qh6 Nc6 17. O-O Ng7 18. N1e2 Nf5 19. Qh3 e5 20. g4 Ng7 21.
fxe5 fxe5 22. Rxf8+ Bxf8 23. Rf1 Be6 24. Ng3 Qd7 25. Be2 exd4 26. exd4 Nxd4 27. Bd1 Bxc5 28. Kh1 Re8 29. Qg2 c6 30. Re1 Bf7 31. Rxe8+ Qxe8 32. h4 Qe6 33. h5 Bd6 34. h6 Ne8 35. Nh5 gxh5 36.
gxh5+ Kf8 37. Bg5 Qe5 38. Bg4 Qe1+ 39. Qg1 Qxc3 40. Be2 Nxe2 41. Bf6 Nxg1 0-1